TOP OF THE 1ST |
Vancouver Grey Wolves batting - Pitching for Atlanta Smoke : RHP Clancy McKinney
|
Pitching: RHP Clancy McKinney
|
|
Batting: LHB Aquiles Marmelo
|
0-0: Called Strike 0-1: Ball 1-1: Ball 2-1: Foul Ball, location: 2F 2-2: SINGLE (Line Drive, 78S)
|
Batting: RHB Joaquín Parra
|
0-0: Ball 1-0: Ball 2-0: Swinging Strike 2-1: Swinging Strike 2-2: Strikes out looking
|
Batting: LHB Thomas Campbell
|
0-0: Called Strike 0-1: Ball 1-1: Ball 2-1: Ball 3-1: Called Strike 3-2: Strikes out swinging
|
Batting: RHB Enrique Fuentes
|
0-0: Swinging Strike 0-1: Fly out, F8 (Line Drive, 8LD)
|
Top of the 1st over - 0 run(s), 1 hit(s), 0 error(s), 1 left on base; Vancouver 0 - Atlanta 0 |
BOTTOM OF THE 1ST |
Atlanta Smoke batting - Pitching for Vancouver Grey Wolves : LHP Allen Blair
|
Pitching: LHP Allen Blair
|
|
Batting: LHB Bernardo Elías
|
0-0: Swinging Strike 0-1: Ball 1-1: Ball 2-1: Called Strike 2-2: Ball 3-2: Strikes out swinging
|
Batting: RHB Bartolo Morales
|
0-0: Fly out, F8 (Flyball, 78M)
|
Batting: LHB Albert Morán
|
0-0: Ball 1-0: Called Strike 1-1: Ground out 4-3 (Groundball, 34)
|
Bottom of the 1st over - 0 run(s), 0 hit(s), 0 error(s), 0 left on base; Vancouver 0 - Atlanta 0 |
TOP OF THE 2ND |
Vancouver Grey Wolves batting - Pitching for Atlanta Smoke : RHP Clancy McKinney
|
Batting: RHB Tony Farquharson
|
0-0: Foul Ball, location: 2F 0-1: Ball 1-1: Swinging Strike 1-2: Strikes out swinging
|
Batting: RHB Hank Scorpio
|
0-0: SINGLE (Line Drive, 4D)
|
Batting: RHB Dusty Childress
|
0-0: SINGLE (Line Drive, 7S) Hank Scorpio to second
|
Batting: RHB José Carlos Ramos
|
0-0: Ball 1-0: Ball 2-0: Ball 3-0: Called Strike 3-1: Called Strike 3-2: Ground out 6-3 (Groundball, 6) Hank Scorpio to third Dusty Childress to second
|
Batting: RHB Chris Woodruff
|
0-0: Ball 1-0: Ball 2-0: Foul Ball, location: 2F 2-1: Ground out 5-3 (Groundball, 56)
|
Top of the 2nd over - 0 run(s), 2 hit(s), 0 error(s), 2 left on base; Vancouver 0 - Atlanta 0 |
BOTTOM OF THE 2ND |
Atlanta Smoke batting - Pitching for Vancouver Grey Wolves : LHP Allen Blair
|
Batting: LHB Ned Durand
|
0-0: Foul Ball, location: 2F 0-1: Foul Ball, location: 2F 0-2: Strikes out swinging
|
Batting: RHB Gabriel Maldonado
|
0-0: Called Strike 0-1: Ground out 6-3 (Groundball, 6)
|
Batting: RHB Layton Templeman
|
0-0: Ball 1-0: Ball 2-0: Foul Ball, location: 2F 2-1: Fly out, F4 (Line Drive, 4M)
|
Bottom of the 2nd over - 0 run(s), 0 hit(s), 0 error(s), 0 left on base; Vancouver 0 - Atlanta 0 |
BOTTOM OF THE 3RD |
Atlanta Smoke batting - Pitching for Vancouver Grey Wolves : LHP Allen Blair
|
Batting: RHB Pedro Morales
|
0-0: Foul Ball, location: 2F 0-1: Ball 1-1: Ground out 5-3 (Groundball, 5)
|
Batting: RHB Gerardo Castillo
|
0-0: Ball 1-0: Called Strike 1-1: Swinging Strike 1-2: Foul Ball, location: 2F 1-2: Foul Ball, location: 2F 1-2: Ground out 2-3 (Groundball, 15S)
|
Batting: RHB Travis Newsome
|
0-0: Ball 1-0: Called Strike 1-1: Foul Ball, location: 2F 1-2: Foul Ball, location: 2F 1-2: Ball 2-2: SINGLE (Line Drive, 6MD)
|
Batting: LHB Bernardo Elías
|
0-0: Ball 1-0: Foul Ball, location: 2F 1-1: Foul Ball, location: 2F 1-2: Strikes out swinging
|
Bottom of the 3rd over - 0 run(s), 1 hit(s), 0 error(s), 1 left on base; Vancouver 2 - Atlanta 0 |
TOP OF THE 4TH |
Vancouver Grey Wolves batting - Pitching for Atlanta Smoke : RHP Clancy McKinney
|
Batting: RHB Hank Scorpio
|
0-0: Ball 1-0: Foul Ball, location: 2F 1-1: Foul Ball, location: 2F 1-2: Foul Ball, location: 2F 1-2: Strikes out swinging
|
Batting: RHB Dusty Childress
|
0-0: Ball 1-0: Swinging Strike 1-1: Foul Ball, location: 2F 1-2: Foul Ball, location: 2F 1-2: Strikes out swinging
|
Batting: RHB José Carlos Ramos
|
0-0: Ball 1-0: Ball 2-0: Ball 3-0: Called Strike 3-1: Base on Balls
|
Batting: RHB Chris Woodruff
|
0-0: Foul Ball, location: 2F 0-1: SINGLE (Line Drive, 34) José Carlos Ramos to second Throwing error, E9 José Carlos Ramos scores Chris Woodruff to second
|
Batting: LHB Aquiles Marmelo
|
0-0: Ground out 3-1 (Groundball, 34)
|
Top of the 4th over - 1 run(s), 1 hit(s), 1 error(s), 1 left on base; Vancouver 3 - Atlanta 0 |
BOTTOM OF THE 4TH |
Atlanta Smoke batting - Pitching for Vancouver Grey Wolves : LHP Allen Blair
|
Batting: RHB Bartolo Morales
|
0-0: Ball 1-0: Hit by Pitch
|
Batting: LHB Albert Morán
|
0-0: Ball 1-0: Foul Ball, location: 2F 1-1: Ball 2-1: Called Strike 2-2: Foul Ball, location: 2F 2-2: Fly out, F3 (Line Drive, 3)
|
Batting: LHB Ned Durand
|
0-0: Ball 1-0: Fly out, F9 (Flyball, 89D) Runner from 1st tags up, SAFE at 2nd
|
Batting: RHB Gabriel Maldonado
|
0-0: Ball 1-0: Ground out 5-3 (Groundball, 56)
|
Bottom of the 4th over - 0 run(s), 0 hit(s), 0 error(s), 1 left on base; Vancouver 3 - Atlanta 0 |
TOP OF THE 5TH |
Vancouver Grey Wolves batting - Pitching for Atlanta Smoke : RHP Clancy McKinney
|
Batting: RHB Joaquín Parra
|
0-0: Ball 1-0: Called Strike 1-1: Fly out, F4 (Popup, 4S)
|
Batting: LHB Thomas Campbell
|
0-0: Ball 1-0: Ball 2-0: Fly out, F6 (Popup, 6D)
|
Batting: RHB Enrique Fuentes
|
0-0: Swinging Strike 0-1: Ball 1-1: Ball 2-1: Foul Ball, location: 2F 2-2: Ball 3-2: Foul Ball, location: 2F 3-2: Base on Balls
|
Batting: RHB Tony Farquharson
|
0-0: Fielders Choice at 2nd, 6-4 (Groundball, 6)
|
Top of the 5th over - 0 run(s), 0 hit(s), 0 error(s), 0 left on base; Vancouver 3 - Atlanta 0 |
TOP OF THE 6TH |
Vancouver Grey Wolves batting - Pitching for Atlanta Smoke : RHP Clancy McKinney
|
Batting: RHB Hank Scorpio
|
0-0: Ball 1-0: Ground out 6-3 (Groundball, 6)
|
Batting: RHB Dusty Childress
|
0-0: Ground out 5-3 (Groundball, 56S)
|
Batting: RHB José Carlos Ramos
|
0-0: Fly out, F8 (Flyball, 8LM)
|
Top of the 6th over - 0 run(s), 0 hit(s), 0 error(s), 0 left on base; Vancouver 3 - Atlanta 1 |
BOTTOM OF THE 6TH |
Atlanta Smoke batting - Pitching for Vancouver Grey Wolves : LHP Allen Blair
|
Batting: RHB Bartolo Morales
|
0-0: Foul Ball, location: 2F 0-1: Hit by Pitch
|
Batting: LHB Albert Morán
|
0-0: Ball 1-0: Ball 2-0: Foul Ball, location: 2F 2-1: Called Strike 2-2: Strikes out swinging
|
Batting: LHB Ned Durand
|
0-0: Called Strike Bartolo Morales steals 2nd base 0-1: Foul Ball, location: 2F 0-2: Ball 1-2: Fly out, F5 (Line Drive, 56)
|
Batting: RHB Gabriel Maldonado
|
0-0: Ball 1-0: Ground out 5-3 (Groundball, 56)
|
Bottom of the 6th over - 0 run(s), 0 hit(s), 0 error(s), 1 left on base; Vancouver 3 - Atlanta 1 |
TOP OF THE 7TH |
Vancouver Grey Wolves batting - Pitching for Atlanta Smoke : RHP Clancy McKinney
|
Batting: RHB Chris Woodruff
|
0-0: Ball 1-0: Swinging Strike 1-1: Foul Ball, location: 2F 1-2: Foul Ball, location: 2F 1-2: Strikes out swinging
|
Batting: LHB Aquiles Marmelo
|
0-0: Called Strike 0-1: Swinging Strike 0-2: Foul Ball, location: 2F 0-2: Strikes out swinging
|
Batting: RHB Joaquín Parra
|
0-0: Called Strike 0-1: Swinging Strike 0-2: Strikes out swinging
|
Top of the 7th over - 0 run(s), 0 hit(s), 0 error(s), 0 left on base; Vancouver 3 - Atlanta 1 |
BOTTOM OF THE 7TH |
Atlanta Smoke batting - Pitching for Vancouver Grey Wolves : LHP Allen Blair
|
Batting: RHB Layton Templeman
|
0-0: Called Strike 0-1: Ground out 6-3 (Groundball, 6)
|
Batting: RHB Pedro Morales
|
0-0: Called Strike 0-1: Ball 1-1: Called Strike 1-2: Strikes out swinging
|
Batting: RHB Gerardo Castillo
|
0-0: Foul Ball, location: 2F 0-1: Ball 1-1: Swinging Strike 1-2: Foul Ball, location: 2F 1-2: Strikes out swinging
|
Bottom of the 7th over - 0 run(s), 0 hit(s), 0 error(s), 0 left on base; Vancouver 3 - Atlanta 1 |
TOP OF THE 8TH |
Vancouver Grey Wolves batting - Pitching for Atlanta Smoke : RHP Clancy McKinney
|
Batting: LHB Thomas Campbell
|
0-0: Ball 1-0: Swinging Strike 1-1: Ball 2-1: Ground out 4-3 (Groundball, 4)
|
Batting: RHB Enrique Fuentes
|
0-0: Ball 1-0: Called Strike 1-1: SINGLE (Line Drive, 6MD)
|
Batting: RHB Tony Farquharson
|
0-0: Ball 1-0: Fly out, F9 (Flyball, 89S)
|
Batting: RHB Hank Scorpio
|
0-0: Fly out, F9 (Flyball, 9LSF)
|
Top of the 8th over - 0 run(s), 1 hit(s), 0 error(s), 1 left on base; Vancouver 3 - Atlanta 1 |
BOTTOM OF THE 8TH |
Atlanta Smoke batting - Pitching for Vancouver Grey Wolves : LHP Allen Blair
|
Batting: RHB Travis Newsome
|
0-0: Ball 1-0: Swinging Strike 1-1: Ball 2-1: SINGLE (Flyball, 78S)
|
Batting: LHB Bernardo Elías
|
0-0: Ball 1-0: Ball 2-0: Called Strike 2-1: Foul Ball, location: 2F 2-2: Fly out, F4 (Line Drive, 4M)
|
Batting: RHB Bartolo Morales
|
0-0: Ball 1-0: Ball 2-0: Called Strike 2-1: Swinging Strike 2-2: Strikes out swinging
|
Pitching: RHP Burt Booth
|
|
Batting: LHB Albert Morán
|
0-0: SINGLE (Line Drive, 4M) Travis Newsome to second Runner from 2nd tries for 3rd, SAFE, throw made to third
|
Batting: LHB Ned Durand
|
0-0: Ball Pickoff Throw to First - Out!
|
Bottom of the 8th over - 0 run(s), 2 hit(s), 0 error(s), 0 left on base; Vancouver 3 - Atlanta 1 |
TOP OF THE 9TH |
Vancouver Grey Wolves batting - Pitching for Atlanta Smoke : RHP Clancy McKinney
|
Batting: RHB Dusty Childress
|
0-0: Called Strike 0-1: Ball 1-1: Ball 2-1: Foul Ball, location: 2F 2-2: Strikes out swinging
|
Batting: RHB José Carlos Ramos
|
0-0: Ball 1-0: Called Strike 1-1: Swinging Strike 1-2: Ball 2-2: Fly out, F4 (Popup, 4MD)
|
Batting: RHB Chris Woodruff
|
0-0: Ball 1-0: Called Strike 1-1: Called Strike 1-2: Ball 2-2: Foul Ball, location: 2F 2-2: Foul Ball, location: 2F 2-2: Ball 3-2: Base on Balls
|
Pitching: LHP Stanley Harris
|
|
Batting: LHB Aquiles Marmelo
|
0-0: Ball 1-0: Swinging Strike 1-1: SINGLE (Groundball, 4MS) (infield hit) Chris Woodruff to second
|
Pitching: RHP Bruce Hamilton
|
|
Pinch Hitting: RHB Hieu De
|
0-0: Called Strike 0-1: 3-RUN HOME RUN (Flyball, 8RXD), Distance : 447 ft
|
Batting: LHB Thomas Campbell
|
0-0: Ball 1-0: Called Strike 1-1: Ball 2-1: Ball 3-1: Ground out 3-1 (Groundball, 34)
|
Top of the 9th over - 3 run(s), 2 hit(s), 0 error(s), 0 left on base; Vancouver 6 - Atlanta 1 |
BOTTOM OF THE 9TH |
Atlanta Smoke batting - Pitching for Vancouver Grey Wolves : RHP Burt Booth
|
Now at SS: Hieu De
|
|
Batting: LHB Ned Durand
|
0-0: Foul Ball, location: 2F 0-1: Foul Ball, location: 2F 0-2: Fly out, F7 (Flyball, 7LSF)
|
Batting: RHB Gabriel Maldonado
|
0-0: Ground out 5-3 (Groundball, 25)
|
Batting: RHB Layton Templeman
|
0-0: Ball 1-0: Ball 2-0: Ball 3-0: Called Strike 3-1: SOLO HOME RUN (Flyball, 7D), Distance : 391 ft
|
Batting: RHB Pedro Morales
|
0-0: Ball 1-0: Ball 2-0: Ball 3-0: Called Strike 3-1: Base on Balls
|
Batting: RHB Gerardo Castillo
|
0-0: Swinging Strike 0-1: Foul Ball, location: 2F 0-2: Foul Ball, location: 2F 0-2: SINGLE (Groundball, 6MD) Pedro Morales to second Runner from 2nd tries for 3rd, SAFE, throw made to third
|
Batting: RHB Travis Newsome
|
0-0: Fielders Choice at 2nd, 6-4 (Groundball, 6)
|
Bottom of the 9th over - 1 run(s), 2 hit(s), 0 error(s), 1 left on base; Vancouver 6 - Atlanta 2 |
|